 Dungeon Crawl Stone Soup version 0.18-a0-1140-g8540535 (webtiles) character file.

279176 namelastname112 the Grand Gadgeteer (level 19, 0/160 HPs)
             Began as a Red Draconian Wanderer on Jan 21, 2016.
             Was the Champion of Pakellas.
             Slain by a spatial maelstrom (3 damage)
             ... on level 4 of the Abyss.
             The game lasted 02:50:10 (58844 turns).

namelastname112 the Grand Gadgeteer (DrWn)         Turns: 58844, Time: 02:50:12

Health: 0/160      AC: 19    Str: 18    XL:     19   Next: 65%
Magic:  33/33      EV: 23    Int: 16    God:    Pakellas [******]
Gold:   3210       SH: 10    Dex: 17    Spells: 0 memorised, 20 levels left

rFire  + . .     SeeInvis +     a - +2 broad axe (elec)
rCold  + + .     Gourm    .     (armour unavailable)
rNeg   . . .     Faith    .     X - +1 buckler "Cotun" {+Fly rPois rC++ Dex-3}
rPois  +         Spirit   .     Y - +2 hat
rElec  .         Dismiss  .     O - +2 cloak {rPois}
rCorr  .         Reflect  .     K - +2 pair of gloves {Str+3}
SustAt .         Harm     .     Q - +0 pair of boots
MR     +....                    j - amulet of regeneration
Stlth  ++........               F - ring of see invisible
                                S - +5 ring of dexterity

@: about to teleport, non-regenerating, diseased, somewhat resistant to hostile
enchantments, unstealthy
A: breathe fire, unfitting armour, stinger 1, fire resistance 1, cold-blooded,
AC +10
a: Breathe Fire, Quick Charge, Device Surge, Renounce Religion, Evoke Flight
}: 2/15 runes: barnacled, gossamer


You were on level 4 of the Abyss.
You worshipped Pakellas.
Pakellas was exalted by your worship.
You were completely stuffed.

You visited 7 branches of the dungeon, and saw 36 of its levels.
You visited the Abyss 1 time.
You also visited: Sewer.

You collected 3539 gold pieces.
You spent 329 gold pieces at shops.

Inventory:

Hand Weapons
 a - a +2 broad axe of electrocution (weapon)
Armour
 K - a +2 pair of gloves of strength (worn)
 O - a +2 cloak of poison resistance (worn)
 Q - a +0 pair of boots (worn)
 X - the +1 buckler "Cotun" (worn) {+Fly rPois rC++ Dex-3}
   (You found it on level 4 of the Lair of Beasts)

   It affects your dexterity (-3).
   It greatly protects you from cold.
   It protects you from poison.
   It lets you fly.
 Y - a +2 hat (worn)
Rods
 b - a +9 rod of clouds (17/17)
   (Pakellas gifted it to you on level 5 of the Dungeon)
 C - a +4 rod of the swarm (11/11)
   (Pakellas gifted it to you on level 2 of the Orcish Mines)
 T - a +10 rod of destruction (18/18)
   (Pakellas gifted it to you on level 6 of the Lair of Beasts)
 U - a +4 rod of inaccuracy (9/9)
   (Pakellas gifted it to you on level 2 of the Vaults)
Jewellery
 j - an amulet of regeneration (around neck)
 F - a ring of see invisible (right hand)
 S - a +5 ring of dexterity (left hand)
 Z - an uncursed ring of protection from magic
Wands
 c - a wand of invisibility (5/9)
 e - a wand of digging (14/24)
 l - a wand of draining (13/15)
 H - a wand of cold (9/15)
 J - a wand of enslavement (9/24)
 L - a wand of draining (8/15)
 N - a wand of disintegration (16/24)
 R - a wand of draining (12/15)
 V - a wand of heal wounds (6/9)
Scrolls
 d - 8 scrolls of teleportation
 h - 22 scrolls of identify
 k - a scroll of summoning
 n - a scroll of magic mapping
 r - 9 scrolls of remove curse
 u - 6 scrolls of fog
 x - a scroll of enchant armour
 y - a scroll of enchant weapon
 G - a scroll of brand weapon
 W - a scroll of amnesia
Potions
 i - 2 potions of resistance
 m - 4 potions of cancellation
 o - 7 potions of might
 q - 2 potions of curing
 s - 5 potions of haste
 t - 5 potions of brilliance
 v - a potion of cure mutation
 w - 3 potions of agility
 z - a potion of heal wounds
 A - 2 potions of magic
 E - 4 potions of ambrosia
 P - 3 potions of flight
Miscellaneous
 g - a lamp of fire
 B - a lamp of fire
 D - a phantom mirror
 M - a fan of gales
Comestibles
 f - 7 bread rations
 p - 11 fruits
 I - a royal jelly


   Skills:
 + Level 12.0 Fighting
   Level 2.0 Short Blades
   Level 0.6(1.4) Long Blades
 + Level 13.5 Axes
 + Level 14.6 Dodging
 - Level 1.7 Stealth
 - Level 16.4 Shields
 - Level 1.0 Spellcasting
   Level 2.0 Transmutations
 * Level 20.6 Evocations


You had 20 spell levels left.
You didn't know any spells.

Dungeon Overview and Level Annotations

Branches:
Dungeon (15/15)            Temple (1/1) D:5            Lair (8/8) D:11
 Shoals (4/4) Lair:5       Spider (4/4) Lair:5        Slime (0/6) Lair:6
    Orc (2/2) D:10            Elf (0/3) Orc:2        Vaults (2/5) D:14
 Depths (0/5) D:15
  Crypt: Vaults:2-3

Altars:
Ashenzari
Dithmenos
Fedhas
Kikubaaqudgha
Makhleb
Nemelex Xobeh
Okawaru
Pakellas
Qazlal
Ru
Trog
Vehumet
Xom
Yredelemnul
The Shining One
Beogh

Shops:
D:7 }   D:8 !   Orc:2 =[%?

Annotations:
Shoals:3 Polyphemus


Innate Abilities, Weirdness & Mutations

You can breathe blasts of fire.
Your fiery red scales are hard (AC +10).
Your body does not fit into most forms of armour.
Your flesh is heat resistant.
You are cold-blooded and may be slowed by cold attacks.
Your tail ends in a poisonous barb.


Message History

* * * LOW HITPOINT WARNING * * *
You block the Executioner's attack.
The Executioner hits you but does no damage. x2
Evoke which item? (* to show all) (? for menu, Esc to quit)
Zapping:
V - a wand of heal wounds (7/9)
Press: ? - help, Shift-Dir - straight line, f - you You feel much better.
This wand has 6 charges left.
The Executioner barely misses you. The Executioner hits you!
* * * LOW HITPOINT WARNING * * *
The Executioner barely misses you.
The spatial maelstrom hits you but does no damage.
The spatial maelstrom completely misses you.
You block the Executioner's attack. The Executioner misses you.
The Executioner hits you.
* * * LOW HITPOINT WARNING * * *
The insubstantial wisp blinks!
The hellephant blinks!
The spatial maelstrom misses you. The spatial maelstrom hits you!
* * * LOW HITPOINT WARNING * * *
Space bends around you.
You die...

.# .. .. .. #.## #
#.W#. .. .. . #!###.
#. .# ..#.. .##. .####
#v### ## .
....#...#.#####.# .# .
..#.(#.##..@#
....##.#....Xv.§v1Y.#
.
#v.........#.##..#...#
.#### ..###.###...##
.. . ###..... .... ..
. ##..##..## ..# #..
..# ..# ... ... ...
... .. . . .... ...


You could see a hellephant, a spatial maelstrom, an Executioner, a spatial
vortex and a large abomination.

Vanquished Creatures
  Rupert (Lair:8)
  A kraken (Shoals:3)
  Ilsuiw (Shoals:4)
  6 vault wardens
  An orc warlord (Orc:2)
  5 ghost moths (Spider:4)
  Maud (D:10)
  6 ironheart preservers
  10 emperor scorpions
  A deep elf demonologist (Vaults:2)
  Snorg (D:14)
  6 merfolk javelineers
  9 merfolk impalers
  6 yaktaur captains
  3 vault guards
  3 fire dragons
  6 entropy weavers
  Fannar (Lair:1)
  An ice dragon (Vaults:1)
  4 hydras
  Harold (D:11)
  A catoblepas (Shoals:3)
  A death knight (Vaults:2)
  5 ogre magi
  5 centaur warriors
  3 satyrs
  3 merfolk aquamancers
  3 thrashing horrors (Abyss:3)
  2 deep troll shamans (Vaults:1)
  A queen ant (Lair:7)
  A deep troll earth mage (Vaults:1)
  6 orc high priests
  8 death yaks
  Urug (D:10)
  Sonja (Lair:1)
  A deep elf knight (Vaults:2)
  A fire crab (Lair:8)
  3 unseen horrors
  A shadow wraith (Vaults:2)
  3 skeletal warriors (Vaults:1)
  2 deep trolls (Vaults:1)
  8 sea snakes
  6 deep elf archers
  5 ironbrand convokers
  7 hill giants
  A necromancer (Spider:3)
  15 orc knights
  A mana viper (Shoals:4)
  An oklob plant (Lair:2)
  The ghost of WhatIsLove the Protected, a novice DsGl (D:6)
  30 wolf spiders
  22 harpies
  8 deep elf magi
  4 water nymphs
  7 wolf spider zombies (Spider:3)
  26 fauns
  A hornet (shapeshifter) (Vaults:1)
  10 cyclopes
  18 ugly things
  5 orc sorcerers
  4 moths of wrath
  17 orb spiders
  6 hornets
  13 elephants
  A griffon (Shoals:4)
  15 sirens
  5 manticores
  A guardian serpent (Lair:8)
  Psyche (D:10)
  10 black mambas
  6 vault sentinels
  The ghost of namelastname112 the Cudgeler, a novice DrWn of Pakellas (D:5)
  Maurice (D:11)
  3 gargoyles
  3 torpor snails
  19 spiny frogs
  2 kobold demonologists (Vaults:1)
  6 redback zombies (Spider:3)
  10 komodo dragons
  7 fire drakes
  8 demonic crawlers
  31 yaktaurs
  A silent spectre (Abyss:4)
  8 trolls
  2 polar bears
  An ancient zyme (Abyss:4)
  25 jumping spiders
  14 merfolk
  4 wind drakes
  16 two-headed ogres
  A hornet zombie (D:15)
  12 slime creatures
  A raiju (Abyss:2)
  14 blink frogs
  9 tarantella zombies (Spider:3)
  2 boulder beetles (Vaults:1)
  5 flying skulls (Abyss:3)
  7 snapping turtles
  3 small abominations
  A centaur simulacrum (D:15)
  A spriggan (D:11)
  A ynoxinul (Abyss:2)
  4 water elementals
  71 redbacks
  3 wraiths
  28 tarantellas
  2 vampires
  43 yaks
  10 hippogriffs
  2 basilisks
  A tarantella (shapeshifter) (Vaults:1)
  A wyvern (D:12)
  A golden eye (shapeshifter) (Vaults:1)
  7 vampire mosquitoes
  2 neqoxecs
  2 steam dragons
  4 hungry ghosts
  A hippogriff (shapeshifter) (Vaults:2)
  A mottled dragon (shapeshifter) (Vaults:1)
  6 wolves (Lair:6)
  6 wargs
  Menkaure (D:6)
  2 insubstantial wisps (Abyss:4)
  2 mottled dragons
  26 water moccasins
  5 soldier ants (Lair:7)
  52 orc warriors
  10 porcupines
  3 black bears
  4 ice beasts
  2 black bears (shapeshifter) (Vaults:1)
  A hornet simulacrum (D:15)
  4 swamp drakes
  A necrophage (D:11)
  6 sky beasts
  A phantom (D:11)
  An eye of draining (D:14)
  10 wasps
  32 ogres
  21 centaurs
  22 crocodiles
  5 big kobolds
  29 giant frogs
  2 gnoll sergeants
  A wyvern skeleton (D:11)
  5 killer bees
  3 scorpions
  A wight (Abyss:2)
  2 electric eels
  2 giant frog zombies
  A lava snake (Lair:2)
  8 crimson imps
  3 centaur zombies
  2 quasits
  3 giant frog skeletons
  8 jellies
  37 orc priests
  10 hounds
  25 orc wizards
  8 centaur skeletons
  Jessica (D:2)
  Terence (D:2)
  14 iguanas
  26 worker ants
  A boulder beetle simulacrum (Vaults:1)
  4 killer bee zombies
  27 sheep
  A hound zombie (D:5)
  2 hound skeletons
  21 gnolls
  25 adders
  58 river rats
  6 shadow imps
  2 oozes
  An adder skeleton (D:5)
  5 worms
  7 giant geckos
  143 orcs
  7 bats
  6 giant cockroaches
  33 goblins
  32 hobgoblins
  7 jackals
  25 kobolds
  A quokka (D:4)
  9 ball pythons
  A ball python zombie (D:6)
  14 giant newts
  A jackal skeleton (D:5)
  A jackal zombie (D:5)
  A quokka skeleton (D:5)
  A quokka zombie (D:6)
  15 rats
  5 bushes (Lair:2)
  2 fungi
  50 plants
  A tentacle (Shoals:3)
1713 creatures vanquished.

Vanquished Creatures (collateral kills)
  A merfolk aquamancer (Shoals:4)
  2 fauns (Shoals:4)
  A cyclops (D:15)
  A siren (Shoals:4)
  An orc (D:15)
6 creatures vanquished.

Vanquished Creatures (others)
  An ironbrand convoker (Vaults:2)
  A griffon (Shoals:3)
  A fire drake (Lair:8)
  A redback (Spider:2)
  A steam dragon (Lair:8)
  A centaur (D:10)
  An orc (Orc:1)
  48 fungi
  81 plants
  4 starspawn tentacles (Abyss:3)
  53 starspawn tentacle segments (Abyss:3)
  7 tentacles (Shoals:3)
  44 tentacle segments (Shoals:3)
244 creatures vanquished.

Grand Total: 1963 creatures vanquished

Notes
Turn   | Place    | Note
--------------------------------------------------------------
     0 | D:1      | namelastname112 the Draconian Wanderer began the quest for the Orb.
     0 | D:1      | namelastname112 set off with: a +2 dagger, a potion of heal wounds, a +0 short sword, a scroll of teleportation, a bread ration
     0 | D:1      | Reached XP level 1. HP: 17/17 MP: 2/2
   410 | D:1      | Reached XP level 2. HP: 25/25 MP: 3/3
   627 | D:1      | Reached skill level 3 in Fighting
   652 | D:1      | Reached XP level 3. HP: 28/31 MP: 4/4
  1551 | D:2      | Noticed Jessica
  1558 | D:2      | Killed Jessica
  1558 | D:2      | Reached XP level 4. HP: 31/40 MP: 5/5
  1582 | D:2      | Found a sacrificial altar of Ru.
  1695 | D:2      | Noticed Terence
  1712 | D:2      | Killed Terence
  1712 | D:2      | Reached skill level 4 in Fighting
  1955 | D:2      | Found an iron altar of Okawaru.
  2229 | D:3      | Reached XP level 5. HP: 41/46 MP: 6/6
  2474 | D:4      | Reached skill level 1 in Axes
  2489 | D:4      | Found a glowing drain.
  2557 | Sewer    | Entered a sewer
  3045 | D:4      | Reached XP level 6. HP: 29/53 MP: 7/7
  3471 | D:4      | Found a shadowy altar of Dithmenos.
  3588 | D:5      | Entered Level 5 of the Dungeon
  3653 | D:5      | Found a staircase to the Ecumenical Temple.
  3662 | Temple   | Entered the Ecumenical Temple
  3719 | Temple   | Became a worshipper of Pakellas the Inventive
  3885 | D:3      | Found a basalt altar of Yredelemnul.
  4126 | D:3      | Reached * piety under Pakellas
  4431 | D:3      | Reached skill level 1 in Evocations
  4470 | D:3      | Reached XP level 7. HP: 14/60 MP: 8/8
  4470 | D:3      | Your scales start taking on a fiery red colour.
  4470 | D:3      | Gained mutation: Your flesh is heat resistant. [Red Draconian growth]
  4819 | D:3      | Reached ** piety under Pakellas
  4819 | D:3      | Received a gift from Pakellas
  5106 | D:3      | Reached skill level 5 in Fighting
  5356 | D:3      | Reached *** piety under Pakellas
  6012 | D:5      | Found a burning altar of Makhleb.
  6219 | D:5      | Noticed namelastname112's ghost (novice DrWn)
  6442 | D:6      | Reached XP level 8. HP: 61/69 MP: 10/10
  6752 | D:6      | Reached skill level 5 in Axes
  6785 | D:6      | Reached skill level 5 in Dodging
  6925 | D:5      | Killed namelastname112's ghost
  6962 | D:5      | Found a radiant altar of Vehumet.
  6999 | D:5      | Reached skill level 6 in Fighting
  7009 | D:5      | Reached **** piety under Pakellas
  7009 | D:5      | Received a gift from Pakellas
  7042 | D:5      | Identified a +2 rod of clouds (12/12) (Pakellas gifted it to you on level 5 of the Dungeon)
  7803 | D:6      | Reached skill level 5 in Evocations
  7928 | D:6      | Noticed WhatIsLove's ghost (novice DsGl)
  7950 | D:6      | Found a shimmering altar of Xom.
  8099 | D:6      | Reached XP level 9. HP: 62/77 MP: 12/12
  8286 | D:6      | Noticed Menkaure
  8561 | D:6      | Killed Menkaure
  8781 | D:6      | Killed WhatIsLove's ghost
  8781 | D:6      | Reached skill level 7 in Axes
  9718 | D:7      | Found Ecrymaph's Gadget Boutique.
 10151 | D:7      | Found a burning altar of Makhleb.
 10151 | D:7      | Found a shattered altar of Ashenzari.
 11137 | D:8      | Found Onaukhluo's Distillery.
 11165 | D:8      | Reached skill level 8 in Axes
 11168 | D:8      | Bought a potion of heal wounds for 65 gold pieces
 11291 | D:8      | Reached XP level 10. HP: 77/86 MP: 15/15
 11378 | D:8      | Reached ***** piety under Pakellas
 12605 | D:10     | Entered Level 10 of the Dungeon
 12619 | D:10     | Noticed a cyan ugly thing
 12805 | D:10     | Noticed a hill giant
 12811 | D:10     | Killed a hill giant
 12897 | D:10     | Noticed Urug
 12912 | D:10     | Killed Urug
 12912 | D:10     | Reached skill level 9 in Axes
 13250 | D:10     | Killed a cyan ugly thing
 13400 | D:10     | Noticed Psyche
 13407 | D:10     | Killed Psyche
 13459 | D:10     | Noticed Maud
 13813 | D:10     | Killed Maud
 13813 | D:10     | Reached XP level 11. HP: 43/95 MP: 17/17
 13821 | D:10     | Noticed a hill giant
 14124 | D:10     | Killed a hill giant
 14124 | D:10     | Reached skill level 10 in Axes
 14244 | D:10     | Reached ****** piety under Pakellas
 14338 | D:10     | Found a staircase to the Orcish Mines.
 14814 | D:11     | Found a staircase to the Lair.
 15114 | D:11     | Noticed a white ugly thing
 15718 | D:11     | Noticed a cyan ugly thing
 15722 | D:11     | Killed a white ugly thing
 15723 | D:11     | Killed a cyan ugly thing
 15723 | D:11     | Reached skill level 10 in Evocations
 16388 | D:11     | Noticed Maurice
 16396 | D:11     | Killed Maurice
 16982 | D:11     | Noticed Harold
 17003 | D:11     | Killed Harold
 17301 | D:11     | Found a sparkling altar of Nemelex Xobeh.
 17531 | Orc:1    | Entered Level 1 of the Orcish Mines
 17531 | Orc:1    | Noticed an orc knight
 17531 | Orc:1    | Noticed an orc sorcerer
 17533 | Orc:1    | Paralysed by an orc sorcerer for 5 turns
 17783 | Lair:1   | Entered Level 1 of the Lair of Beasts
 17890 | Lair:1   | Noticed Sonja
 18126 | Lair:1   | Noticed Fannar
 18138 | Lair:1   | Killed Fannar
 18138 | Lair:1   | Reached skill level 11 in Axes
 18138 | Lair:1   | Reached XP level 12. HP: 97/104 MP: 9/20
 18408 | Lair:1   | Received a gift from Pakellas
 19764 | Lair:1   | Killed Sonja
 21063 | Lair:2   | Reached skill level 10 in Fighting
 21863 | Lair:2   | Found a blossoming altar of Fedhas.
 22321 | Lair:2   | Noticed a fire dragon
 22343 | Lair:2   | Killed a fire dragon
 22890 | Lair:3   | Reached skill level 12 in Axes
 23727 | Lair:3   | Noticed a seven-headed hydra
 23735 | Lair:3   | Killed a seven-headed hydra
 23735 | Lair:3   | Reached XP level 13. HP: 111/113 MP: 22/22
 26199 | Lair:4   | Got an ichor-stained buckler
 26509 | Lair:5   | Reached skill level 13 in Evocations
 26907 | Lair:5   | Reached skill level 1 in Shields
 26984 | Lair:5   | Identified the +1 buckler "Cotun" {+Fly rPois rC++ Dex-3} (You found it on level 4 of the Lair of Beasts)
 27080 | Lair:5   | Found a staircase to the Shoals.
 27140 | Lair:5   | Found a hole to the Spider Nest.
 27529 | Lair:5   | Reached skill level 10 in Dodging
 27888 | Lair:6   | Received a gift from Pakellas
 28103 | Lair:6   | Identified a +7 rod of destruction (14/14) (Pakellas gifted it to you on level 6 of the Lair of Beasts)
 28134 | Lair:6   | Found a staircase to the Slime Pits.
 28942 | Lair:7   | Reached XP level 14. HP: 123/123 MP: 24/24
 30216 | Lair:7   | Identified a +10 rod of destruction (18/18) (supercharged by Pakellas)
 30736 | Lair:8   | Entered Level 8 of the Lair of Beasts
 30822 | Lair:8   | Reached skill level 5 in Shields
 31100 | Lair:8   | Identified 2 scrolls of acquirement
 31174 | Lair:8   | Noticed Rupert
 31181 | Lair:8   | Paralysed by Rupert for 5 turns
 31661 | Lair:8   | Reached skill level 14 in Evocations
 33186 | Lair:8   | Killed Rupert
 34267 | Orc:1    | Found a roughly hewn altar of Beogh.
 34315 | Orc:2    | Entered Level 2 of the Orcish Mines
 34387 | Orc:2    | Received a gift from Pakellas
 35094 | Orc:2    | Found Legaqewk's Jewellery Emporium.
 35102 | Orc:2    | Reached skill level 15 in Evocations
 35102 | Orc:2    | Reached XP level 15. HP: 69/129 MP: 26/26
 35355 | Orc:2    | Found Qyirizoq's Armour Shoppe.
 35412 | Orc:2    | Bought a +1 pair of gloves of strength for 264 gold pieces
 35486 | Orc:2    | Found a roughly hewn altar of Beogh.
 36051 | Orc:2    | Found a staircase to the Elven Halls.
 36440 | Orc:2    | Noticed an orc warlord
 36441 | Orc:2    | Found a roughly hewn altar of Beogh.
 36474 | Orc:2    | Killed an orc warlord
 37007 | Orc:2    | Found Tesau's Food Shoppe.
 37142 | Orc:2    | Found Gingadaq's Magic Scroll Boutique.
 39343 | D:13     | Gained mutation: Your tail ends in a poisonous barb. [potion of beneficial mutation]
 40034 | D:14     | Got a pitted shortbow
 40035 | D:14     | Identified the +3 shortbow "Henwac" {flame, Str+3} (You found it on level 14 of the Dungeon)
 40037 | D:14     | Identified a +4 rod of the swarm (11/11) (Pakellas gifted it to you on level 2 of the Orcish Mines)
 40057 | D:14     | Reached skill level 10 in Shields
 40264 | D:14     | Found a gate to the Vaults.
 40603 | D:14     | Received a gift from Pakellas
 40660 | D:14     | Identified a +1 rod of the swarm (3/10) (You took it off a hill giant on level 14 of the Dungeon)
 41054 | D:14     | Noticed Snorg
 41070 | D:14     | Killed Snorg
 41279 | D:15     | Entered Level 15 of the Dungeon
 41341 | D:15     | Found a staircase to the Depths.
 41351 | D:15     | Reached skill level 16 in Evocations
 43080 | D:15     | Upgraded the game from 0.18-a0-1126-ga2d7f46 to 0.18-a0-1140-g8540535
 43267 | Spider:1 | Entered Level 1 of the Spider Nest
 43275 | Spider:1 | Reached XP level 16. HP: 118/137 MP: 28/28
 45529 | Spider:2 | Reached skill level 17 in Evocations
 47135 | Spider:4 | Entered Level 4 of the Spider Nest
 47260 | Spider:3 | Received a gift from Pakellas
 48174 | Spider:4 | Reached XP level 17. HP: 144/144 MP: 11/29
 49166 | Spider:4 | Reached skill level 18 in Evocations
 49599 | Spider:4 | Got a gossamer rune of Zot
 50338 | Shoals:1 | Entered Level 1 of the Shoals
 51593 | Shoals:2 | Got a jewelled long sword
 52158 | Shoals:3 | Identified the +7 long sword of the Seven Beggars {flame, *Contam rPois rC+} (You found it on level 2 of the Shoals)
 52264 | Shoals:3 | Noticed Polyphemus
 52264 | Shoals:3 | Noticed a kraken
 52807 | Shoals:3 | Killed a kraken
 52807 | Shoals:3 | Reached XP level 18. HP: 138/151 MP: 31/31
 52848 | Shoals:4 | Entered Level 4 of the Shoals
 53051 | Shoals:4 | Reached skill level 15 in Shields
 53437 | Shoals:4 | Reached skill level 19 in Evocations
 53437 | Shoals:4 | Noticed Ilsuiw
 53536 | Shoals:4 | Killed Ilsuiw
 53785 | Shoals:4 | Received a gift from Pakellas
 54536 | Shoals:4 | Got a barnacled rune of Zot
 54940 | Vaults:1 | Entered Level 1 of the Vaults
 56202 | Vaults:1 | Reached XP level 19. HP: 155/158 MP: 19/32
 56346 | Vaults:1 | Reached skill level 20 in Evocations
 57454 | Vaults:2 | Received a gift from Pakellas
 57722 | Vaults:2 | Noticed a Brimstone Fiend
 57935 | Vaults:2 | Cast into level 2 of the Abyss (an ogre mage)
 57935 | Abyss:2  | Found a corrupted altar of Lugonu.
 58156 | Abyss:2  | Found a corrupted altar of Lugonu.
 58558 | Abyss:4  | Found a corrupted altar of Lugonu.
 58571 | Abyss:4  | Found a corrupted altar of Lugonu.
 58837 | Abyss:4  | Noticed a hellephant
 58844 | Abyss:4  | HP: 3/160 [spatial maelstrom (14)]
 58844 | Abyss:4  | Slain by a spatial maelstrom

Vault maps used:
D:1:      scummos_arrival_star
D:2:      nicolae_ru_sacrificial_ziggurat, okawaru_ov_weapons_minmay,
          uniq_jessica, uniq_terence
D:3:      minmay_goblin_kobold_castle, yredelemnul_altar_generic,
          lemuel_another_geyser
D:4:      kennysheep_mini, portal_sewer_entry_b
D:5:      lemuel_crystal_altar, minmay_temple_entry_hall, basic_altar,
          first_bread
D:6:      kennysheep_little_box, uniq_menkaure
D:7:      lemuel_upstairs_altar, gammafunk_temple_overflow_elements,
          serial_shops, shop, minivault_14
D:8:      serial_shops, shop
D:10:     erik_orc_1, serial_glass, glass_columns_b, glass_columns_a, uniq_maud,
          uniq_urug, uniq_psyche
D:11:     lair_0_dummy, the_bakery, nemelex_xobeh_ov_fountains_minmay,
          uniq_harold, uniq_maurice
D:14:     david_vaults_1, minmay_misc_feat_doors, kennysheep_cluttered_room,
          lightli_swarmer, uniq_snorg
D:15:     grunt_enter_depths_snipers
Temple:   hc_temple_tempest_star
Lair:1:   hangedman_lair_generics_rect, grunt_megastairs_1, uniq_sonja,
          uniq_fannar
Lair:2:   dragon1_lemuel, wad_woods_road_02, serial_bayou_pond_d, tgw_fedhas,
          infiniplex_staircase_pool
Lair:3:   grunt_megastairs_2, serial_bayou_shore_a
Lair:4:   bh_autumn_forest_stairs
Lair:5:   elwin_shoals_entry_stream, spider_nest_entry_webs,
          cheibrodos_lair_reptile_den
Lair:6:   minmay_slime_entry_pillars, roderic_lost_polar_bear
Lair:7:   wad_woods_antlair, grunt_megastairs_3
Lair:8:   hangedman_lair_tendril_chambers, guppyfry_lair_end_dragon, uniq_rupert
Shoals:1: st_sunken_temple
Shoals:3: uniq_polyphemus
Shoals:4: shoals_end_grunt_garden, shoal_ilsuiw, uniq_ilsuiw
Spider:3: lemuel_spider_zombies, spider_trap
Spider:4: grunt_spider_rune_circles, spiders_nest_the_unseen
Orc:1:    basic_altar
Orc:2:    pubby_orc_utopia
Vaults:1: vaults_room_pool, v_alt_pattern_5, v_misc_19, v_misc_30,
          nicolae_vaults_big_ls, v_alt_pattern_4, v_misc_11,
          hangedman_vaults_stream, nicolae_vaults_little_squares_4,
          nicolae_vaults_fighting_squares, vaults_room_door_ring,
          vaults_room_door_hall
Vaults:2: v_misc_22, ontoclasm_vaults_ring_small, v_misc_5,
          nicolae_vaults_little_squares_3, v_misc_27, vaults_room_fours,
          hangedman_vaults_impose, v_rooms_1, hangedman_vaults_corner, v_misc_5,
          v_misc_13, vaults_room_large_hall
Abyss:3:  hangedman_abyss_rune_flesh_and_stone,
          eino_small_chamber_without_monster
Abyss:4:  due_abyss_rune, serial_sigils_hangedman_snap
Sewer:    sewer_co_cracked_pipes

Action                   |  1- 3 |  4- 6 |  7- 9 | 10-12 | 13-15 | 16-18 | 19-21 || total
-------------------------+-------+-------+-------+-------+-------+-------+-------++-------
Melee: Dagger            |   122 |   347 |   643 |   821 |   160 |       |       ||  2093
       Hand axe          |       |       |    23 |       |       |       |       ||    23
       Broad axe         |       |       |       |    15 |  1166 |   984 |   391 ||  2556
       Rod               |       |       |       |     2 |     2 |       |       ||     4
Invok: Quick Charge      |       |       |     1 |     3 |     2 |    13 |     1 ||    20
       Supercharge       |       |       |       |       |     1 |       |       ||     1
 Abil: Breathe Fire      |       |       |    15 |    22 |    22 |     6 |     3 ||    68
Evoke: Rod               |       |       |    15 |    71 |   227 |   210 |    21 ||   544
       Wand              |       |       |       |     4 |     1 |    30 |     6 ||    41
       Deck              |       |       |       |       |     2 |       |       ||     2
  Use: Potion            |       |     3 |     5 |     4 |     1 |     7 |       ||    20
       Scroll            |       |       |     2 |    20 |    25 |    14 |     3 ||    64
 Stab: Sleeping          |       |     4 |       |     4 |    10 |     2 |     2 ||    22
       Confused          |       |       |     2 |     4 |     5 |       |       ||    11
       Distracted        |       |       |       |       |     3 |     1 |     1 ||     5
  Eat: Chunk             |     1 |    11 |    22 |    36 |    95 |    47 |    12 ||   224
       Bread ration      |       |       |     2 |     5 |     1 |     3 |       ||    11
       Meat ration       |       |       |       |     2 |     3 |     5 |     3 ||    13
       Beef jerky        |       |       |       |     3 |     1 |     9 |       ||    13
       Fruit             |       |       |       |     4 |     7 |     7 |       ||    18
       Pizza             |       |       |       |     1 |     1 |     1 |       ||     3
       Royal jelly       |       |       |       |       |     2 |       |       ||     2
